 Dungeon Crawl Stone Soup version 0.27.0-1-g7a089689b8 (webtiles) character file.

Game seed: 5763621622308862271

140 hawla the Grave Robber (level 5, 0/29 HPs)
             Began as a Deep Elf Necromancer on Aug 8, 2021.
             Slain by an orc (4 damage)
             ... on level 3 of the Dungeon.
             The game lasted 00:07:23 (3333 turns).

hawla the Grave Robber (Deep Elf Necromancer)       Turns: 3333, Time: 00:07:23

Health: 0/29       AC:  2    Str:  5    XL:     5   Next: 2%
Magic:  0/13       EV: 13    Int: 21    God:
Gold:   99         SH:  0    Dex: 15    Spells: 5/13 levels left

rFire    . . .     SeeInvis .   i - +3 short sword
rCold    . . .     Faith    .   (no shield)
rNeg     . . .     Spirit   .   a - +0 robe
rPois    +         Reflect  .   (no helmet)
rElec    .         Harm     .   (no cloak)
rCorr    .         Rampage  .   (no gloves)
Will     .....                  (no boots)
Stlth    ++........             (no amulet)
HPRegen  0.09/turn              c - ring of poison resistance
MPRegen  0.13/turn              (no ring)

@: weak-willed
A: no striking features
a: no special abilities


You were on level 3 of the Dungeon.
You visited 1 branch of the dungeon, and saw 3 of its levels.

You collected 113 gold pieces.
You spent 14 gold pieces at shops.

Inventory:

Hand Weapons
 i - a +3 short sword (weapon)
Missiles
 b - 2 boomerangs (quivered)
 h - 20 poisoned darts
Armour
 a - a +0 robe (worn)
Jewellery
 c - a ring of poison resistance (left hand)
Scrolls
 d - a scroll of identify
Potions
 e - a potion of curing
 f - 2 potions of lignification {unknown}


   Skills:
 - Level 1.0 Fighting
 - Level 1.0 Staves
 - Level 3.0 Dodging
 - Level 3.0 Stealth
 + Level 4.6 Spellcasting
 + Level 5.9 Necromancy


You had 5 spell levels left.
You knew the following spells:

 Your Spells              Type           Power      Damage    Failure   Level
a - Pain                  Necr           100%       1d9       1%          1
b - Vampiric Draining     Necr           15%        2d8       3%          3
c - Animate Dead          Necr           15%        N/A       10%         4

Your spell library contained the following spells:

 Spells                   Type           Power      Damage    Failure   Level
 Animate Skeleton         Necr           60%        N/A       1%          1
 Corpse Rot               Necr/Air       N/A        N/A       4%          2
 Dispel Undead            Necr           30%        3d14      10%         4
 Agony                    Necr           30%        N/A       26%         5
 Freezing Cloud           Conj/Ice/Air   2%         6-21      97%         5
 Death Channel            Necr           15%        N/A       83%         6
 Simulacrum               Ice/Necr       8%         N/A       99%         6
 Polar Vortex             Ice            2%         N/A       100%        9


Dungeon Overview and Level Annotations

Branches:
Dungeon (3/15)

Altars:
Elyvilon

Shops:
D:3 !


Message History

The orc hits you with a +0 hand axe.
You hit the orc.
You kill the orc!
You have reached level 5!
Casting: Pain (safe; 1% risk of failure)
Confirm with . or Enter, or press ? or * to list all spells.
Aiming: Pain (safe; 1% risk of failure)
Press: ? - help, Shift-Dir - straight line, f - orc
Aim: an orc, wielding a +0 flail and wearing a +0 ring mail (chance to affect: 93%)
The orc writhes in agony!
You kill the orc!
Casting: Pain (safe; 1% risk of failure)
Confirm with . or Enter, or press ? or * to list all spells.
Aiming: Vampiric Draining (dangerous; 3% risk of failure)
Press: ? - help, Shift-Dir - straight line, f - orc
Aim: an orc, wielding a +0 mace Nothing appears to happen.
Casting: Vampiric Draining (dangerous; 3% risk of failure)
Confirm with . or Enter, or press ? or * to list all spells.
Aiming: Vampiric Draining (dangerous; 3% risk of failure)
Press: ? - help, Shift-Dir - straight line, f - orc
Aim: an orc, wielding a +0 mace Nothing appears to happen.
The orc hits you with a +0 mace.
Casting: Vampiric Draining (dangerous; 3% risk of failure)
Confirm with . or Enter, or press ? or * to list all spells.
Aiming: Vampiric Draining (dangerous; 3% risk of failure)
Press: ? - help, Shift-Dir - straight line, f - orc
Aim: an orc, wielding a +0 mace Nothing appears to happen.
The orc hits you with a +0 mace.
Casting: Vampiric Draining (dangerous; 3% risk of failure)
Confirm with . or Enter, or press ? or * to list all spells.
Aiming: Vampiric Draining (dangerous; 3% risk of failure)
Press: ? - help, Shift-Dir - straight line, f - orc
Aim: an orc, wielding a +0 mace Nothing appears to happen.
The orc hits you with a +0 mace!
* * * LOW HITPOINT WARNING * * *
As you read the scroll labelled MEODWI PECLEAD, it crumbles to dust.
Magic quickly surges around you.
It was a scroll of vulnerability.
The orc hits you with a +0 mace.
You die...

#........##.#
#########..###......#
...........# #..#####
##########.###..#
#..........#
#.###.####.# #.#...#
#.#
#.#######.#.######.#
#...ooo@..#........#
#.################.#
###


You could see 3 orcs.

Vanquished Creatures
  An orc priest (D:3)
  2 adders (D:3)
  3 gnolls (D:2)
  A worm (D:3)
  2 dart slugs (D:2)
  9 orcs (D:3)
  A ball python (D:2)
  7 endoplasms
  4 giant cockroaches
  2 goblins
  3 hobgoblins
  2 quokkas
  2 bats (D:2)
  4 frilled lizards
  2 kobolds
45 creatures vanquished.

Vanquished Creatures (others)
  A plant (D:3)
1 creature vanquished.

Grand Total: 46 creatures vanquished

Notes
Turn   | Place    | Note
-------+----------+-------------------------------------------
     0 | D:1      | hawla the Deep Elf Necromancer began the quest for the Orb.
     0 | D:1      | Reached XP level 1. HP: 10/10 MP: 6/6
   540 | D:1      | Reached XP level 2. HP: 12/15 MP: 5/8
  1157 | D:2      | You fall into a shaft and drop 1 floor!
  1290 | D:2      | Reached skill level 5 in Necromancy
  1530 | D:2      | Found a white marble altar of Elyvilon.
  1822 | D:2      | Reached skill level 1 in Staves
  1822 | D:2      | Reached XP level 3. HP: 16/20 MP: 5/9
  2039 | D:2      | Reached skill level 1 in Fighting
  2443 | D:3      | Reached XP level 4. HP: 23/25 MP: 8/11
  2469 | D:3      | Found Veapon's Distillery.
  2477 | D:3      | Bought a potion of degeneration for 14 gold pieces
  2588 | D:3      | Learned a level 3 spell: Vampiric Draining
  2786 | D:3      | Learned a level 4 spell: Animate Dead
  3328 | D:3      | Reached XP level 5. HP: 18/29 MP: 13/13
  3333 | D:3      | Slain by an orc

Illustrated notes

Levels and vault maps discovered:
D:1:      dpeg_arrival_tiny_c, layout_basic, grunt_decor_mini_mirrors,
          minmay_misc_feat_tiny
D:2:      layout_loops_ring, basic_altar
D:3:      layout_basic, serial_shops, shop, shapermc_ecumenical_altar_petra,
          guppyfry_early_lair_pool

Skill      XL: |  1  2  3  4 |
---------------+-------------+-----
Necromancy     | 5 |  5.9
Staves         | 1 |  1.0
Stealth        | 3 |  3.0
Fighting       | 1 |  1.0
Dodging        | 3 |  3.0
Spellcasting   | 4 |  4.6

Action                   |  1- 3 |  4- 6 || total
-------------------------+-------+-------++-------
Melee: Dagger            |     1 |     5 ||     6
       Short sword       |       |     7 ||     7
 Cast: Pain              |    49 |    28 ||    77
       Vampiric Draining |       |     6 ||     6
       Animate Dead      |       |     1 ||     1
  Use: Scroll            |     3 |     1 ||     4
       Potion            |       |     1 ||     1
 Stab: Sleeping          |       |     2 ||     2
Armor: Robe              |     1 |     4 ||     5
Dodge: Dodged            |     8 |     9 ||    17
